 Dungeon Crawl Stone Soup version 0.31-a0-1576-ga3383bade6 (webtiles) character file.

Game seed: 17005070827176863603

527 Borgoz the Covered (level 7, -1/39 HPs)
             Began as a Gargoyle Fighter on Jan 4, 2024.
             Slain by a gnoll
             ... wielding a +0 halberd
             ... led by a gnoll sergeant
              (2 damage)
             ... on level 4 of the Dungeon.
             The game lasted 00:05:08 (2713 turns).

Borgoz the Covered (Gargoyle Fighter)               Turns: 2713, Time: 00:05:09

Health: -1/39      AC: 15    Str: 17 (19) XL:     7   Next: 23%
Magic:  0/7        EV:  9    Int: 10 (11) God:
Gold:   183        SH:  0    Dex: 10 (11) Spells: 4/6 levels left

rFire   . . .        b - +4 hand axe "Wyesuu" {venom, Int+2}
rCold   . . .        c - +0 buckler
rNeg    + . .        f - +0 scale mail
rPois   ∞            d - +1 hat
rElec   +            k - +0 cloak
rCorr   .            e - +0 pair of gloves
SInv    .            (no boots)
Will    .....        g - amulet of guardian spirit Stlth
                     (no ring)
HPRegen 0.26/turn    (no ring)
MPRegen 0.10/turn

%: guardian spirit
@: confused, hasted, very quick
A: sickness immunity, AC +4, negative energy resistance 1, electricity
resistance, torment resistance 1, petrification resistance, deterioration 1,
frail 1, persistent drain
a: no special abilities


You were on level 4 of the Dungeon.
You visited 1 branch of the dungeon, and saw 4 of its levels.

You collected 183 gold pieces.

Inventory:

Hand Weapons
 a - a +1 flail
 b - the +4 hand axe "Wyesuu" (weapon) {venom, Int+2}
   (You took it off Sigmund on level 2 of the Dungeon)

   Int+2:     It affects your intelligence (+2).
Armour
 c - a +0 buckler (worn)
 d - a +1 hat (worn)
 e - a +0 pair of gloves (worn)
 f - a +0 scale mail (worn)
 k - a +0 cloak (worn)
Jewellery
 g - an amulet of guardian spirit (around neck)
 t - an amulet of magic regeneration
Wands
 r - a wand of polymorph (7)
 s - a wand of light (4)
Scrolls
 i - a scroll of silence {unknown}
 m - a scroll of fear {unknown}
 n - a scroll of teleportation {unknown}
 p - 2 scrolls of enchant armour
 q - a scroll of poison {unknown}
Potions
 j - 3 potions of degeneration
 l - a potion of magic


   Skills:
 * Level 4.8 Fighting
 * Level 3.9 Maces & Flails
 * Level 4.9 Armour
 + Level 1.6 Dodging
 + Level 2.2 Stealth
 * Level 4.8 Shields


You had 4 spell levels left.
You knew the following spells:

 Your Spells              Type           Power      Damage    Failure   Level
a - Blink                 Tloc           0%         N/A       92%         2

Your spell library contained the following spells:

 Spells                   Type           Power      Damage    Failure   Level
 Ensorcelled Hibernation  Hex/Ice        0%         N/A       92%         2
 Lesser Beckoning         Tloc           0%         N/A       92%         2
 Momentum Strike          Conj/Tloc      0%         3d8       92%         2
 Fugue of the Fallen      Necr           0%         N/A       99%         3
 Gell's Gravitas          Tloc           0%         N/A       99%         3
 Teleport Other           Tloc           0%         N/A       99%         3
 Volatile Blastmotes      Fire/Tloc      0%         2d10      99%         3
 Anguish                  Hex/Necr       0%         N/A       100%        4
 Fulminant Prism          Conj/Alch      0%         3d5       100%        4
 Iskenderun's Mystic Bla  Conj/Tloc      0%         2d3       100%        4


Dungeon Overview and Level Annotations

Branches:
Dungeon (4/15)
 Temple: D:4-7

Altars:
Qazlal

Annotations:
D:4 Ijyb, Pikel


Innate Abilities, Weirdness & Mutations

You are immune to sickness and miasma.
Your stone body is resilient. (AC +4)
You are immune to poison.
You resist negative energy. (rN+)
You are resistant to electric shocks. (rElec)
You are resistant to unholy torment.
You are immune to petrification.
Your body sometimes deteriorates upon taking damage.
You are frail. (-10% HP)
Your health recovers twice as slowly from being drained.


Message History

Ijyb barely misses you.
The lemure looks more healthy.
Pikel hits you but does no damage.
The gnoll hits you from afar with a +0 halberd!
The endoplasm jiggles.
Ijyb zaps a wand.
Your will is overpowered!
You are more confused.
Pikel attacks as he pursues you!
Pikel hits you with a +0 whip of freezing.
Pikel freezes you. The gnoll hits you but does no damage.
Ijyb hits you with a +0 club. The gnoll attacks as it pursues you!
The gnoll barely misses you.
You feel yourself speed up. Pikel hits you but does no damage.
The gnoll closely misses you.
You nearly stumble into some lava!
Pikel hits you but does no damage. The gnoll hits you but does no damage.
You nearly stumble into some lava!
Pikel hits you with a +0 whip of freezing.
Pikel freezes you.
* * * LOW HITPOINT WARNING * * *
The gnoll hits you from afar with a +0 halberd.
* * * LOW HITPOINT WARNING * * *
You nearly stumble into some lava!
Pikel hits you with a +0 whip of freezing.
* * * LOW HITPOINT WARNING * * *
Pikel freezes you.
* * * LOW HITPOINT WARNING * * *
Okay, then.
You are too confused!
It was a potion of degeneration.
There was something very wrong with that liquid.
You feel weakened.
You feel dopey.
You feel clumsy.
The gnoll hits you from afar with a +0 halberd.
* * * LOW HITPOINT WARNING * * *
It was a potion of mutation.
You feel extremely strange.
You feel frail.
You feel yourself wasting away.
You begin to recover more slowly from draining effects.
Pikel hits you but does no damage.
The orc priest looks braver for a moment.
The gnoll hits you from afar with a +0 halberd.
You die...

##.....§...##..#
##.......§...##.#
##...≈≈≈.§§≈...###
##...≈≈..§..§≈...#
##...≈≈..###§§≈≈...
#⌠..≈§..## #..≈≈..
#...≈..## #..≈.
#..)≈.## #.≈
#...o@# §§§.
#..J≈K## #§≈§.
#..g≈g5## #..§..
#⌠..≈≈gg## #..≈≈..
##...§≈g5###..§≈...
##...§§og...≈§...#
##...≈≈§o≈§≈...#
##...§gggo.%.##
##.....)...##


You could see Pikel, 2 lemures, a gnoll sergeant, Ijyb (poisoned), an orc
priest, 5 gnolls, 2 orcs, an endoplasm, a hobgoblin and a goblin.

Vanquished Creatures
  Sigmund (D:2)
  A phantom (D:3)
  An orc priest (D:4)
  A jelly (D:4)
  An orc wizard (D:4)
  8 gnolls (D:2)
  4 adders
  4 ribbon worms (D:3)
  4 orcs (D:4)
  6 endoplasms
  6 giant cockroaches
  4 goblins
  6 hobgoblins
  11 jackals
  4 kobolds (D:1)
  6 ball pythons
  A bat (D:3)
  5 frilled lizards
  7 rats
81 creatures vanquished.

Notes
Turn   | Place    | Note
-------+----------+-------------------------------------------
     0 | D:1      | Borgoz the Gargoyle Fighter began the quest for the Orb.
     0 | D:1      | Reached XP level 1. HP: 14/14 MP: 1/1
    86 | D:1      | Found a faded altar of an unknown god.
   105 | D:1      | Reached XP level 2. HP: 18/19 MP: 0/2
   601 | D:1      | Reached XP level 3. HP: 23/23 MP: 3/3
   987 | D:2      | Learned a level 2 spell: Blink
  1005 | D:2      | Reached XP level 4. HP: 28/29 MP: 4/4
  1014 | D:2      | Reached skill level 1 in Stealth
  1172 | D:2      | Identified the +4 hand axe "Wyesuu" {venom, Int+2}
  1172 | D:2      | Noticed Sigmund
  1232 | D:2      | Killed Sigmund
  1233 | D:2      | Reached skill level 1 in Dodging
  1233 | D:2      | Reached XP level 5. HP: 17/34 MP: 5/5
  1233 | D:2      | Reached XP level 6. HP: 20/39 MP: 6/6
  1868 | D:3      | Found a stormy altar of Qazlal.
  2141 | D:3      | Reached XP level 7. HP: 44/44 MP: 7/7
  2682 | D:4      | Noticed Ijyb
  2682 | D:4      | Noticed Pikel
  2712 | D:4      | HP: 1/44 [gnoll/+0 halberd[a gnoll sergeant] (3)]
  2713 | D:4      | Gained mutation: You are frail. (-10% HP) [potion of
                  | mutation]
  2713 | D:4      | Gained mutation: Your body sometimes deteriorates upon
                  | taking damage. [potion of mutation]
  2713 | D:4      | Gained mutation: Your health recovers twice as slowly from
                  | being drained. [potion of mutation]
  2713 | D:4      | Slain by a gnoll

Illustrated notes

Levels and vault maps discovered:
D:1:      amcnicky_arrival_underground_garden, layout_basic,
          ebering_ecumenical_altar_abandoned
D:2:      layout_basic, kennysheep_generic_room_8, uniq_sigmund
D:3:      wad_pebble_path, layout_basic, grunt_qazlal_sundering,
          nicolae_wormholes
D:4:      layout_rooms, eino_tiny_chamber, kennysheep_donut, uniq_ijyb,
          uniq_grinder, uniq_pikel, uniq_crazy_yiuf_cottage

Skill      XL: |  1  2  3  4  5  6 |
---------------+-------------------+-----
Stealth        | 1 2 |  2.2
Fighting       | 4 |  4.8
Maces & Flails | 3 |  3.9
Armour         | 4 |  4.9
Dodging        | 1 |  1.6
Shields        | 4 |  4.8

Action                     |  1- 3 |  4- 6 |  7- 9 || total
---------------------------+-------+-------+-------++-------
  Melee: Flail             |   103 |    64 |       ||   167
         Hand axe          |       |    70 |    25 ||    95
    Use: Potion            |     1 |       |     3 ||     4
         Scroll            |       |     6 |     1 ||     7
 Armour: Scale mail        |    83 |    80 |    44 ||   207
  Dodge: Dodged            |    59 |    42 |    23 ||   124
  Block: Buckler           |    32 |    24 |     8 ||    64

Table legend: (Time is in decaauts)
 A = Elapsed time spent in this place.
 B = Non-inter-level travel time spent in this place.
 C = Inter-level travel time spent in this place.
 D = Time resting spent in this place.
 E = Time spent auto-exploring this place.
 F = Levels seen in this place.
 G = Mean time per level.
                   A        B        C        D        E       F      G
               +--------+--------+--------+--------+--------+-----+--------+
         Total |   2785 |   2706 |     79 |     13 |   2024 |   4 |  696.2 |
       Dungeon |   2785 |   2706 |     79 |     13 |   2024 |   4 |  696.2 |
               +--------+--------+--------+--------+--------+-----+--------+

Top non-repeatable levels by time:
     D:1: 987 daAuts
     D:2: 822 daAuts
     D:3: 813 daAuts
     D:4: 161 daAuts
